 Dungeon Crawl Stone Soup version 0.30.0-2-g1aa4bd4387 (webtiles) character file.

Game seed: 9312542956746823639

50 Eitelfritz the Trooper (level 3, -12/33 HPs)
             Began as a Hill Orc Fighter on May 7, 2023.
             Was a Believer of Beogh.
             Killed by divine providence
             ... invoked by an orc priest
              (14 damage)
             ... on level 3 of the Dungeon.
             The game lasted 00:03:15 (1975 turns).

Eitelfritz the Trooper (Hill Orc Fighter)           Turns: 1975, Time: 00:03:16

Health: -12/33     AC:  7    Str: 20    XL:     3   Next: 79%
Magic:  3/3        EV:  9    Int:  8    God:    Beogh [**....]
Gold:   84         SH:  4    Dex: 10    Spells: 2/2 levels left

rFire   . . .        a - +0 war axe
rCold   . . .        c - +0 buckler
rNeg    . . .        e - +0 scale mail
rPois   .            (no helmet)
rElec   .            (no cloak)
rCorr   .            (no gloves)
SInv    .            (no boots)
Will    .....        (no amulet) Stlth
                     (no ring)
HPRegen 0.25/turn    (no ring)
MPRegen 0.08/turn

%: no passive effects
@: mighty
A: no striking features
a: Renounce Religion, Smiting


You were on level 3 of the Dungeon.
You worshipped Beogh.
Beogh was pleased with you.
You visited 1 branch of the dungeon, and saw 3 of its levels.

You collected 84 gold pieces.

Inventory:

Hand Weapons
 a - a +0 war axe (weapon)
 b - a +0 sling
 l - a +1 hammer of protection
Armour
 c - a +0 buckler (worn)
 e - a +0 scale mail (worn)
Jewellery
 h - an amulet of regeneration
 i - a ring of wizardry
 m - a ring of poison resistance
Scrolls
 f - 5 scrolls of identify {unknown}
 g - a scroll of teleportation {unknown}
 j - a scroll of enchant armour {unknown}
Potions
 k - 2 potions of curing {unknown}


   Skills:
 + Level 4.0 Fighting
 + Level 3.5 Axes
 + Level 3.8 Armour
 + Level 0.2 Stealth
 + Level 3.7 Shields
 * Level 0.9 Invocations


You had 2 spell levels left.
You didn't know any spells.
Your spell library contained the following spells:

 Spells                   Type           Power      Damage    Failure   Level
 Kiss of Death            Conj/Necr      0%         2d5       83%         1
 Magic Dart               Conj           0%         1d3       83%         1
 Call Imp                 Summ           0%         N/A       92%         2
 Confusing Touch          Hex            0%         N/A       99%         3
 Gell's Gravitas          Tloc           0%         N/A       99%         3
 Mephitic Cloud           Conj/Pois/Air  0%         N/A       99%         3
 Portal Projectile        Hex/Tloc       0%         N/A       99%         3
 Teleport Other           Tloc           0%         N/A       99%         3
 Tukima's Dance           Hex            0%         N/A       99%         3
 Dispel Undead            Necr           0%         3d6       100%        4
 Blade Hands              Tmut           0%         N/A       100%        5
 Dispersal                Tloc           0%         N/A       100%        6
 Malign Gateway           Summ/Tloc      0%         N/A       100%        7
 Summon Horrible Things   Summ           0%         N/A       100%        8


Dungeon Overview and Level Annotations

Branches:
Dungeon (3/15)

Altars:
Dithmenos
Beogh

Annotations:
D:3 1 runed translucent door, Crazy Yiuf


Message History

You closely miss the bat. You block the bat's attack.
The bat hits you but does no damage. The bat barely misses you.
The bat hits you. The bat hits you but does no damage.
You slash the bat!
You kill the bat!
Beogh accepts your kill.
You pick up a book of Touch and begin reading...
You add the spells Kiss of Death, Confusing Touch and Dispel Undead to your library. 2 orc priests come into view.
The orc priest invokes the aid of Beogh against you.
Beogh smites you!
You hear a shout! x3
An orc comes into view. It is wielding a +0 dagger.
The orc shouts!
The orc priest invokes the aid of Beogh against you.
Beogh smites you!
Ouch! That really hurt!
* * * LOW HITPOINT WARNING * * *
An orc comes into view. It is wielding a +0 dagger.
You feel very mighty all of a sudden. The orc priest barely misses you.
You hit the orc priest.
The orc priest is moderately wounded.
You block the orc priest's attack.
An orc priest comes into view. It is wielding a +0 hand axe.
You hit the orc priest but do no damage.
The orc priest is moderately wounded.
The orc priest hits you with a +0 flail.
* * * LOW HITPOINT WARNING * * *
Unknown command.
You slash the orc priest!
You kill the orc priest!
Beogh accepts your kill.
Beogh appreciates your killing of a heretic priest.
The orc priest mumbles some strange prayers to Beogh against you.
Beogh smites you!
You die...
Beogh appreciates the orc priest's killing of a heretic priest.

#.#.#### #.# #....... #o#
##.##### #.# #.# #o# #.#
#.# ###<##### #. #o#
#.....|.. #. #o# #.#.#####
# #. #@# #.#.# ##
#.##.#####.# #.#.####.
#..........# #.#......
##.....############.#####..
#..................# #.#
#.....############## #..
#.....# ### #######


You could see 2 orc priests and 2 orcs.

Vanquished Creatures
  An orc priest (D:3)
  A dart slug (D:1)
  An orc (D:3)
  3 bats
  3 endoplasms
  2 giant cockroaches (D:1)
  4 hobgoblins
  6 jackals
  6 kobolds
  3 ball pythons
  5 frilled lizards
  8 goblins
43 creatures vanquished.

Vanquished Creatures (others)
  A fungus (D:3)
1 creature vanquished.

Grand Total: 44 creatures vanquished

Notes
Turn   | Place    | Note
-------+----------+-------------------------------------------
     0 | D:1      | Eitelfritz the Hill Orc Fighter began the quest for the
                  | Orb.
     0 | D:1      | Reached XP level 1. HP: 19/19 MP: 1/1
   218 | D:1      | Reached XP level 2. HP: 23/27 MP: 2/2
   420 | D:1      | Found a faded altar of an unknown god.
   453 | D:1      | Prayed at the altar of an unknown god.
   453 | D:1      | Became a worshipper of Beogh the Brigand
   453 | D:1      | Reached * piety under Beogh
   842 | D:2      | Reached XP level 3. HP: 29/33 MP: 3/3
   844 | D:2      | Reached skill level 4 in Fighting
  1298 | D:3      | Identified the staff of poison "Zucvooh" {rPois rF+ rN+++}
  1532 | D:3      | Reached ** piety under Beogh
  1644 | D:3      | Found a runed translucent door.
  1645 | D:3      | Noticed Crazy Yiuf
  1770 | D:3      | Found a shadowy altar of Dithmenos.
  1975 | D:3      | Killed from afar by an orc priest

Illustrated notes

Levels and vault maps discovered:
D:1:      nicolae_arrival_somewhat_less_tricky_arrival, layout_loops_cross,
          shapermc_ecumenical_altar_venn
D:2:      layout_loops_ring
D:3:      layout_loops_ring, nicolae_dithmenos_through_a_glass_darkly,
          kennysheep_generic_room_6, uniq_crazy_yiuf_cottage

Skill      XL: |  1  2  3 |
---------------+----------+-----
Axes           | 3 |  3.5
Fighting       | 4 |  4.0
Armour         | |  3.8
Stealth        | |  0.2
Shields        | |  3.7
Invocations    | |  0.9

Action                     || total
---------------------------++-------
  Melee: War axe           ||   100
    Use: Potion            ||     1
 Armour: Scale mail        ||    46
  Dodge: Dodged            ||    39
  Block: Buckler           ||    23
